 Dungeon Crawl Stone Soup version 0.16-a0-956-g65bd446 (webtiles) character file.

227 MackTheKnife the Gusty (level 6, -2/32 HPs)
             Began as a Tengu Air Elementalist on Oct 1, 2014.
             Slain by an adder (3 damage)
             ... on Level 3 of the Dungeon.
             The game lasted 00:11:52 (3418 turns).

MackTheKnife the Gusty (Tengu Air Elementalist)     Turns: 3418, Time: 00:11:53

HP  -2/32        AC  4     Str  8      XL: 6   Next:  2%
MP  12/14        EV 11     Int 17      God:
Gold 153         SH  0     Dex 15      Spells:  3 memorised,  5 levels left

rFire  + . .     SeeInvis .     i - +3 short sword
rCold  + . .     Clarity  .     e - +1 leather armour
rNeg   . . .     rCorr    .     (no shield)
rPois  .         rRot     .     (helmet restricted)
rElec  .         Spirit   .     (no cloak)
SustAb .         Warding  .     (no gloves)
rMut   .         Stasis   .     (boots unavailable)
Gourm  .                        (no amulet)
MR     .....                    o - ring of protection from fire
                                g - ring of protection from cold

@: lethally poisoned, swift, very quick, not resistant to hostile enchantments,
unstealthy
A: able to fly, beak, talons 3
a: Fly


You were on level 3 of the Dungeon.
You were not hungry.

You visited 1 branch of the dungeon, and saw 4 of its levels.

You collected 153 gold pieces.


Innate Abilities, Weirdness & Mutations

You can fly.
You have a beak for a mouth.
You have claws for feet.


   Skills:
 - Level 2.1 Dodging
 - Level 2.0 Stealth
 + Level 3.0 Spellcasting
 + Level 4.5 Conjurations
 + Level 6.4 Air Magic


You had 5 spell levels left.
You knew the following spells:

 Your Spells              Type           Power        Failure   Level  Hunger
s - Swiftness             Chrm/Air       ##......     10%         2    ##.....
z - Shock                 Conj/Air       ###.         1%          1    None
Z - Static Discharge      Conj/Air       ###.....     8%          3    ###....

Inventory:

Hand weapons
 i - a +3 short sword (weapon)
 q - a cursed -2 dagger
 u - a +2 dagger of speed
Missiles
 m - 4 steel javelins (quivered)
Armour
 e - a +1 leather armour (worn)
Comestibles
 c - a bread ration
 d - 2 rotting chunks of ogre flesh {@*1}
 h - a meat ration
 j - 4 fruits
 l - a chunk of bat flesh {@*1}
 t - a beef jerky
Scrolls
 f - a scroll of recharging
 n - a scroll of amnesia
Jewellery
 g - a ring of protection from cold (left hand)
 o - a ring of protection from fire (right hand)
Books
 b - a book of Air

   Spells                             Type                      Level
   *Shock                             Conjuration/Air              1
   *Swiftness                         Charms/Air                   2
   Repel Missiles                     Charms/Air                   2
   Flight                             Charms/Air                   3
   *Static Discharge                  Conjuration/Air              3
   Lightning Bolt                     Conjuration/Air              5

▒·····▒·· ·▒▒▒▒▒▒▒)▒·····▒
·······▒·▒·····▒
▒▒▒▒▒▒▒·····▒·····▒
▒▒····▒▒▒▒▒·········
▒▒·············▒·····
▒▒···>···············▒
▒····SM·····[····▒▒▒··
▒▒▒···Q···········▒▒▒▒·
▒·········▒·······▒▒···
▒········▒▒··········▒▒
▒▒▒▒▒····▒▒▒▒▒▒▒······▒·▒▒▒
▒········▒▒▒▒▒·······▒▒····
▒··········<···········▒▒▒·
▒········▒▒▒▒▒▒········▒▒▒·
▒····>···▒▒ ▒············
▒··(······▒▒▒▒▒·········▒▒▒


You could see Menkaure and an adder.


Message History

Drink which item? (? for menu, Esc to quit)
Your magical effects are unravelling.
You feel magically purged.
It was a potion of cancellation.
You feel a little less clever now. The adder bites you but does no damage.
Unknown command.
You aren't carrying any potions.
Unknown command.
Read which item? (? for menu, Esc to quit)
Okay, then.
Read which item? (? for menu, Esc to quit)
You can't read that!
Unknown command.
Read which item? (? for menu, Esc to quit)
As you read the scroll labeled JIMNOQ SOCECA, it crumbles to dust.
It is a scroll of enchant armour.
Enchant which item? (? for menu, Esc to quit)
Your +0 leather armour glows green for a moment.
You feel sick. The adder bites you but does no damage.
Menkaure whispers a few words.
Unknown command.
You aren't carrying any potions.
Unknown command.
Read which item? (? for menu, Esc to quit)
Okay, then.
You feel quick. The adder bites you.
* * * LOW HITPOINT WARNING * * *
Menkaure calls on the powers of darkness!
The adder convulses!
You feel a surge of unholy energy. The adder bites you.
You die...

Action                   |  1- 3 |  4- 6 || total
-------------------------+-------+-------++-------
Melee: Unarmed           |     4 |       ||     4
       Short sword       |    51 |    15 ||    66
Throw: Javelin           |       |     1 ||     1
 Cast: Shock             |    46 |    23 ||    69
       Static Discharge  |     1 |     1 ||     2
       Swiftness         |       |     2 ||     2
 Abil: Fly               |       |     1 ||     1
  Use: Scroll            |     3 |     1 ||     4
       Potion            |       |     5 ||     5
 Stab: Sleeping          |     2 |       ||     2
       Invisible         |       |     1 ||     1
  Eat: Chunk             |     4 |     2 ||     6
       Bread ration      |       |     1 ||     1

Vault maps used:
D:1:      lemuel_arrival_river_ford
D:2:      old_standard_altar
D:3:      grunt_temple_overflow_open, uniq_grinder
D:4:      forest_paths, first_bread, uniq_menkaure

Notes
Turn   | Place    | Note
--------------------------------------------------------------
     0 | D:1      | MackTheKnife, the Tengu Air Elementalist, began the quest for the Orb.
     0 | D:1      | Reached XP level 1. HP: 10/10 MP: 3/3
   248 | D:1      | Reached skill level 2 in Conjurations
   275 | D:1      | Reached XP level 2. HP: 15/15 MP: 3/5
   317 | D:1      | Learned a level 2 spell: Swiftness
   819 | D:1      | Reached XP level 3. HP: 17/19 MP: 7/7
  1083 | D:2      | Reached skill level 5 in Air Magic
  1321 | D:2      | Found a shimmering altar of Xom.
  1516 | D:2      | Reached skill level 3 in Conjurations
  1722 | D:2      | Learned a level 3 spell: Static Discharge
  1993 | D:3      | Reached XP level 4. HP: 16/24 MP: 0/8
  2133 | D:3      | Noticed Grinder
  2133 | D:3      | Paralysed by Grinder for 3 turns
  2321 | D:3      | HP: 2/24 [orc wizard/magic dart (8)]
  2592 | D:3      | Reached XP level 5. HP: 11/28 MP: 2/11
  2905 | D:4      | Noticed Menkaure
  3139 | D:4      | Noticed an ogre
  3163 | D:4      | Killed an ogre
  3163 | D:4      | Reached skill level 3 in Spellcasting
  3163 | D:4      | Reached skill level 4 in Conjurations
  3163 | D:4      | Reached skill level 6 in Air Magic
  3163 | D:4      | Reached XP level 6. HP: 10/32 MP: 6/14
  3418 | D:3      | HP: 1/32 [adder (3)]
  3418 | D:3      | Slain by an adder

Vanquished Creatures
  An ogre (D:4)
  An orc priest (D:3)
  An orc wizard (D:3)
  An adder (D:3)
  2 worms
  3 giant geckos
  2 oozes (D:1)
  4 orcs (D:3)
  6 hobgoblins
  3 jackals (D:1)
  2 kobolds
  2 ball pythons (D:1)
  6 bats
  3 giant cockroaches
  4 giant newts
  6 goblins
  10 rats
57 creatures vanquished.
